 Dungeon Crawl Stone Soup version 0.17.0-26-gececa24 (webtiles) character file.

88271 M4edhros the Unseen (level 15, -1/94 HPs)
             Began as an Octopode Artificer on Nov 19, 2015.
             Was the Champion of Fedhas.
             Slain by a redback (17 damage)
             ... on level 1 of the Spider Nest.
             The game lasted 01:19:15 (25566 turns).

M4edhros the Unseen (Octopode Artificer)           Turns: 25566, Time: 01:19:15

Health: -1/94      AC: -11   Str: 10    XL:     15   Next: 93%
Magic:  27/27      EV: 20    Int: 21    God:    Fedhas [******]
Gold:   1660       SH:  0    Dex: 17    Spells: 1 memorised, 27 levels left

rFire  . . .     SeeInvis +     D - +7 greatsling "Punk" {freeze, rC+}
rCold  + . .     Clarity  .     (no shield)
rNeg   . . .     SustAt   .     (helmet restricted)
rPois  +         Gourm    .     e - amulet of regeneration
rElec  +         Spirit   .     o - ring of stealth
rCorr  .         Warding  .     q - +4 ring of slaying
rMut   .         Stasis   .     w - ring of see invisible
MR     +++..                    I - ring of stealth
Stlth  +++++++++.               v - +2 ring of intelligence
                                (no ring)
                                (no ring)
                                (no ring)

@: about to teleport, corroded equipment, extremely resistant to hostile
enchantments, incredibly stealthy
A: almost no armour, amphibious, 8 rings, constrict 8, camouflage 1, clever 2,
magic resistance 2, poison resistance, electricity resistance, weak 1,
gelatinous body 1, no device heal 1
a: Evolution, Sunlight, Growth, Reproduction, Rain, Renounce Religion


You were on level 1 of the Spider Nest.
You worshipped Fedhas.
Fedhas was exalted by your worship.
You were very hungry.

You visited 6 branches of the dungeon, and saw 27 of its levels.
You also visited: Sewer and Ice Cave.

You collected 2551 gold pieces.
You spent 891 gold pieces at shops.

Inventory:

Hand Weapons
 j - a +0 dagger of venom
 D - the +7 greatsling "Punk" (weapon) {freeze, rC+}
   (You acquired it on level 8 of the Dungeon)

   It causes projectiles fired from it to freeze those they strike, causing
   extra injury to most foes and up to half again as much damage against
   particularly susceptible opponents.
   They can also slow down cold-blooded creatures.
   It protects you from cold.
 K - a +1 short sword of electrocution
Missiles
 n - 304 stones
 u - 170 sling bullets (quivered)
 H - 11 silver sling bullets
 X - 14 exploding sling bullets
Jewellery
 e - an amulet of regeneration (around mantle)
 o - a ring of stealth (left tentacle)
 q - a +4 ring of slaying (right tentacle)
 v - a +2 ring of intelligence (on tentacle)
 w - a ring of see invisible (on tentacle)
 I - a ring of stealth (on tentacle)
 J - an uncursed amulet of the gourmand
Wands
 a - a wand of confusion (12)
 b - a wand of digging (17)
 c - a wand of enslavement (5)
 z - a wand of slowing (24)
 U - a wand of disintegration (9)
Scrolls
 i - 3 scrolls of enchant weapon
 k - a scroll of torment
 m - 3 scrolls of teleportation
 p - 6 scrolls of remove curse
 t - 2 scrolls of fog
 x - 6 scrolls of immolation
 y - 2 scrolls of enchant armour
 C - 4 scrolls of identify
 E - 6 scrolls of fear
 G - a scroll of magic mapping
 O - a scroll of vulnerability
Potions
 d - 3 potions of agility
 h - 2 potions of lignification
 l - 4 potions of magic
 r - a potion of might
 s - 8 potions of curing
 B - a potion of berserk rage
 F - a potion of cure mutation
 N - a potion of resistance
 S - 2 potions of cancellation
Miscellaneous
 g - a phial of floods (inert)
Comestibles
 f - 24 fruits
 A - 4 meat rations
 M - a beef jerky
 P - a bread ration


   Skills:
 + Level 5.8 Fighting
 - Level 1.0 Short Blades
 * Level 14.2 Slings
 * Level 10.4 Dodging
 - Level 15.0 Stealth
 * Level 8.1 Spellcasting
 * Level 9.1 Charms
 - Level 4.0 Necromancy
 + Level 8.7 Invocations
 + Level 11.1 Evocations


You had 27 spell levels left.
You knew the following spells:

 Your Spells              Type           Power        Failure   Level  Hunger
a - Regeneration          Chrm/Necr      #####.....   1%          3    None


Dungeon Overview and Level Annotations

Branches:
Dungeon (12/15)            Temple (1/1) D:4            Lair (8/8) D:8
 Shoals (0/4) Lair:3       Spider (1/4) Lair:3        Slime (0/6) Lair:8
    Orc (4/4) D:11            Elf (1/3) Orc:3

Altars:
Ashenzari
Cheibriados
Dithmenos
Elyvilon
Fedhas
Gozag
Kikubaaqudgha
Makhleb
Nemelex Xobeh
Okawaru
Qazlal
Ru
Sif Muna
Trog
Vehumet
Xom
Yredelemnul
Zin
The Shining One
Beogh
Jiyva

Shops:
Orc:1 ![   Orc:4 ?:?*=!

Annotations:
D:7 inmateoo's ghost, novice OpIE
D:12 Frances
Lair:8 1 runed door
Spider:1 Nikola
Elf:1 Louise


Innate Abilities, Weirdness & Mutations

You cannot wear most types of armour.
You are amphibious.
You can wear up to eight rings at the same time.
You can use your tentacles to constrict eight enemies at once.
Your skin changes colour to match your surroundings (Stealth).
Your rubbery body absorbs attacks (AC +1).
Your mind is very acute. (Int +4)
You are highly resistant to hostile enchantments.
Your system is resistant to poisons.
You are resistant to electric shocks.
You are weak. (Str -2)
Potions and wands are less effective at restoring your health.


Message History

As you read the scroll of teleportation, it crumbles to dust.
You feel strangely unstable. The demonic crawler misses you.
The demonic crawler closely misses you. The demonic crawler barely misses you.
The redback barely misses you.
Nikola casts a spell.
Nikola blinks!
Drink which item? (? for menu, Esc to quit)
You feel much better.
The jumping spider leaps!
The demonic crawler barely misses you.
The demonic crawler completely misses you.
The demonic crawler closely misses you. The redback bites you!
* * * LOW HITPOINT WARNING * * *
Nikola mumbles some strange words.
Nikola blinks!
Unknown command.
The redback bites you.
* * * LOW HITPOINT WARNING * * *
The entropy weaver is caught in a web!
The redback bites you!
You die...
Fedhas appreciates your contribution to the ecosystem.

..#.#....#f..##
#.....#.#..#ff#
#........#.#f##
..##.###..#Pf#########
## .#..(..##.....#
###....#.ff...##.#
.......######....#
###...##.##.#s##...#
....##>.##((ss@...##
#..# #≈≈≈≈#p##.#..# .
#...##.≈#≈#^..#...#
#.##....#≈#≈..#...#.#
. ...#...s#..#....#..#
...##..##..#...###...#
###..^#...##..## .#.#
.#.###(.####..# ...#
f.#....(####... ..#


You could see an entropy weaver (webbed), 2 demonic crawlers and a redback.

Vanquished Creatures
  Saint Roka (Orc:4)
  Agnes (Elf:1)
  A deep elf sorcerer (Elf:1)
  The ghost of PeterLawrence the Fighter, a journeyman GrFi of Okawaru (Lair:8)
  A deep elf death mage (Elf:1)
  A fire dragon (Lair:8)
  Snorg (Lair:5)
  Josephine (Orc:3)
  7 hydras
  An ice dragon (Orc:1)
  A catoblepas (Lair:6)
  8 death yaks
  3 ice devils (IceCv)
  2 deep elf summoners (Elf:1)
  2 hill giants
  3 deep elf conjurers (Elf:1)
  A lindwurm (Lair:7)
  7 orc knights
  An orb spider (Spider:1)
  3 wolf spiders (Spider:1)
  2 cyclopes
  An orc sorcerer (Orc:4)
  7 black mambas
  Joseph (D:9)
  10 spiny frogs
  An ice statue (IceCv)
  An elephant (Lair:5)
  A demonic crawler (Spider:1)
  4 fire drakes
  5 blue devils (IceCv)
  A merfolk (D:10)
  11 komodo dragons
  A spriggan druid (Lair:5)
  7 polar bears
  2 trolls
  A deep elf priest (Elf:1)
  3 jumping spiders (Spider:1)
  2 trapdoor spiders (Spider:1)
  7 blink frogs
  46 yaks
  6 deep elf magi (Elf:1)
  4 wraiths (Orc:3)
  A redback (Spider:1)
  3 basilisks
  A deep elf fighter (Elf:1)
  A fire elemental (Lair:6)
  A hungry ghost (D:9)
  11 hippogriffs
  A wyvern (Lair:7)
  A mottled dragon (Lair:8)
  8 wolves
  5 wargs
  3 sky beasts
  9 porcupines
  15 water moccasins
  5 swamp drakes (Lair:8)
  A soldier ant (D:11)
  27 orc warriors
  A black bear (Lair:5)
  An ice beast (D:8)
  A wasp (D:10)
  2 eyes of draining (D:9)
  16 ogres
  2 centaurs
  22 crocodiles
  5 big kobolds
  2 gnoll sergeants (D:11)
  16 giant frogs
  3 scorpions
  5 electric eels
  6 killer bees (D:9)
  4 crimson imps
  13 orc priests
  A lava snake (Lair:6)
  A giant frog skeleton (D:6)
  2 hounds
  7 iguanas
  A jelly (D:4)
  3 centaur skeletons
  2 draconian simulacra (IceCv)
  Jessica (D:3)
  16 orc wizards
  6 worker ants
  A troll simulacrum (IceCv)
  2 centaur simulacra (IceCv)
  18 sheep
  A hound zombie (D:5)
  2 hound skeletons
  5 gnolls
  A naga simulacrum (IceCv)
  65 river rats
  14 adders
  4 ogre simulacra (IceCv)
  A shadow imp (D:9)
  2 oozes
  2 adder skeletons
  4 worms
  5 giant geckos
  138 orcs
  7 bats
  4 hobgoblins
  20 jackals
  A quokka (D:9)
  10 giant cockroaches
  2 giant gecko skeletons
  9 giant newts
  6 goblins
  12 kobolds
  10 rats
749 creatures vanquished.

Vanquished Creatures (collateral kills)
  3 death yaks
  A deep elf knight (Elf:1)
  2 wandering mushrooms
  3 deep elf summoners (Elf:1)
  Pikel (D:4)
  A necromancer (IceCv)
  3 orc knights (Orc:4)
  A wolf spider (Spider:1)
  The ghost of Raultor the Insei, a novice OpMo (D:5)
  A black mamba (Lair:4)
  2 elephants
  An ice statue (IceCv)
  A torpor snail (Lair:6)
  A komodo dragon (Lair:7)
  A jumping spider (Spider:1)
  3 trolls
  3 blink frogs
  A basilisk (D:8)
  A polar bear (Lair:5)
  A blue devil (IceCv)
  A boulder beetle (Lair:6)
  A wraith (Orc:3)
  5 yaks
  3 wargs (Orc:4)
  A wolf (Lair:1)
  2 water moccasins
  A sky beast (D:5)
  2 ice beasts
  2 phantoms
  3 porcupines (D:8)
  2 ogres
  8 orc warriors
  A slave (D:4)
  3 crocodiles
  A big kobold (D:9)
  A gnoll sergeant (D:11)
  A giant frog (D:7)
  2 killer bees (D:9)
  A wyvern skeleton (D:9)
  3 orc priests (Orc:1)
  2 worker ants
  A giant frog skeleton (D:9)
  A centaur skeleton (D:8)
  4 orc wizards
  2 adders
  An adder skeleton (D:8)
  25 orcs
  3 kobolds (D:9)
115 creatures vanquished.

Vanquished Creatures (others)
  2 wolf spiders (Spider:1)
  A jumping spider (Spider:1)
  A porcupine (D:8)
  36 wandering mushrooms
  A giant cockroach zombie (D:5)
  12 fungi
  22 plants
  908 toadstools
983 creatures vanquished.

Grand Total: 1847 creatures vanquished

Notes
Turn   | Place    | Note
--------------------------------------------------------------
     0 | D:1      | M4edhros the Octopode Artificer began the quest for the Orb.
     0 | D:1      | Reached XP level 1. HP: 13/13 MP: 3/3
   102 | D:1      | Reached XP level 2. HP: 18/18 MP: 4/4
   436 | D:1      | You fall through a shaft!
   631 | D:2      | Reached skill level 4 in Evocations
   631 | D:2      | Reached XP level 3. HP: 16/23 MP: 4/6
   740 | D:3      | Found a white marble altar of Elyvilon.
   842 | D:4      | Found a staircase to the Ecumenical Temple.
   852 | Temple   | Entered the Ecumenical Temple
   917 | Temple   | Became a worshipper of Fedhas Madash
  1388 | D:1      | Reached * piety under Fedhas
  1568 | D:2      | Reached XP level 4. HP: 23/28 MP: 7/7
  2090 | D:2      | Reached XP level 5. HP: 29/33 MP: 8/8
  2092 | D:2      | Reached skill level 5 in Evocations
  2179 | D:3      | Found a snail-covered altar of Cheibriados.
  2183 | D:3      | Reached skill level 5 in Stealth
  2261 | D:3      | Reached ** piety under Fedhas
  2272 | D:3      | Noticed Jessica
  2276 | D:3      | Killed Jessica
  2574 | D:4      | Noticed Edmund
  2845 | D:4      | Noticed Pikel
  2845 | D:4      | Noticed a slave
  2845 | D:4      | Noticed a slave
  2909 | D:4      | Noticed Edmund
  2909 | D:4      | Edmund changed into Edmund the jelly
  2914 | D:4      | Killed Edmund the jelly
  2969 | D:4      | Reached XP level 6. HP: 38/38 MP: 10/10
  3028 | D:4      | Noticed an ogre
  3037 | D:4      | Killed an ogre
  3037 | D:4      | Reached skill level 6 in Stealth
  3055 | D:4      | Noticed a slave
  3055 | D:4      | Noticed a slave
  3066 | D:4      | Killed a slave
  3078 | D:4      | Killed Pikel
  3078 | D:4      | Reached skill level 7 in Stealth
  3078 | D:4      | Reached XP level 7. HP: 27/43 MP: 6/12
  3620 | D:5      | Entered Level 5 of the Dungeon
  3639 | D:5      | Reached skill level 1 in Invocations
  4031 | D:5      | Noticed Raultor's ghost (novice OpMo)
  4039 | D:5      | Killed Raultor's ghost
  4039 | D:5      | Reached skill level 8 in Stealth
  4039 | D:5      | Reached XP level 8. HP: 44/48 MP: 10/13
  4178 | D:5      | Found a deep blue altar of Sif Muna.
  4244 | D:5      | Found a bloodstained altar of Trog.
  4540 | D:5      | Reached skill level 9 in Stealth
  4546 | D:5      | Gained mutation: Your mind is acute. (Int +2) [mutagenic meat]
  4547 | D:5      | Gained mutation: Your system is resistant to poisons. [mutagenic meat]
  4548 | D:5      | Gained mutation: You are weak. (Str -2) [mutagenic meat]
  4557 | D:5      | Identified a scroll of acquirement
  4771 | D:6      | Found a glowing drain.
  4853 | Sewer    | Entered a sewer
  4940 | Sewer    | Reached skill level 1 in Slings
  4968 | Sewer    | Reached *** piety under Fedhas
  4984 | Sewer    | Found a white marble altar of Elyvilon.
  5094 | D:6      | Found a sparkling altar of Nemelex Xobeh.
  5545 | D:7      | Reached XP level 9. HP: 39/53 MP: 14/14
  6011 | D:7      | Noticed inmateoo's ghost (novice OpIE)
  6797 | D:8      | Reached skill level 5 in Dodging
  6797 | D:8      | Reached skill level 10 in Stealth
  6878 | D:8      | Reached skill level 5 in Invocations
  6893 | D:8      | Found a staircase to the Lair.
  6907 | D:8      | Reached skill level 5 in Slings
  7113 | D:8      | Found an iron altar of Okawaru.
  7174 | D:8      | Reached XP level 10. HP: 58/58 MP: 16/16
  7179 | D:8      | Gained mutation: You expend magic power (3 MP) to strengthen your wands. [mutagenic meat]
  7367 | D:8      | Learned a level 3 spell: Regeneration
  7612 | D:9      | Reached skill level 1 in Necromancy
  7725 | D:9      | Reached skill level 11 in Stealth
  7727 | D:9      | Reached skill level 1 in Spellcasting
  7861 | D:9      | Reached **** piety under Fedhas
  7865 | D:9      | Reached skill level 1 in Charms
  8029 | D:9      | Gained mutation: Your magical capacity is low (-10% MP). [potion of mutation]
  8029 | D:9      | Gained mutation: Your mind is very acute. (Int +4) [potion of mutation]
  8029 | D:9      | Gained mutation: You are resistant to hostile enchantments. [potion of mutation]
  8030 | D:9      | Gained mutation: You can spit weak poison. [potion of mutation]
  8030 | D:9      | Gained mutation: Potions and wands are less effective at restoring your health. [potion of mutation]
  8031 | D:9      | Lost mutation: You can spit weak poison. [potion of mutation]
  8032 | D:9      | Reached XP level 11. HP: 59/63 MP: 15/15
  8037 | D:9      | Noticed Joseph
  8226 | D:9      | Killed Joseph
  8629 | D:9      | Found a shimmering altar of Xom.
  8731 | D:9      | Found a sacrificial altar of Ru.
  8786 | D:10     | Entered Level 10 of the Dungeon
  9235 | D:10     | Noticed a hill giant
  9241 | D:10     | Killed a hill giant
 10015 | D:11     | Gained mutation: You are highly resistant to hostile enchantments. [mutagenic meat]
 10029 | D:11     | Found a staircase to the Orcish Mines.
 10105 | D:11     | Reached XP level 12. HP: 44/70 MP: 8/17
 10244 | D:11     | Noticed a hill giant
 10251 | D:11     | Killed a hill giant
 10296 | D:11     | Lost mutation: Your magical capacity is low (-10% MP). [mutagenic meat]
 10589 | D:12     | Noticed Frances
 10605 | D:12     | Found an iron altar of Okawaru.
 10912 | Lair:1   | Entered Level 1 of the Lair of Beasts
 11328 | Lair:1   | Reached skill level 12 in Stealth
 12268 | Lair:2   | Noticed an eight-headed hydra
 12278 | Lair:2   | Killed an eight-headed hydra
 12283 | Lair:2   | Reached ***** piety under Fedhas
 13090 | Lair:3   | Found a staircase to the Shoals.
 13808 | Orc:1    | Entered Level 1 of the Orcish Mines
 13808 | Orc:1    | Found a roughly hewn altar of Beogh.
 13881 | Orc:1    | Found Kuiph's Distillery.
 13906 | Orc:1    | Bought 2 potions of agility for 104 gold pieces
 13906 | Orc:1    | Bought a potion of agility for 52 gold pieces
 14031 | Orc:1    | Found Woozxin's Antique Armour Emporium.
 14220 | Orc:1    | Found a frozen archway.
 14224 | Orc:1    | Noticed an ice dragon
 14227 | Orc:1    | Reached skill level 5 in Charms
 14237 | Orc:1    | Killed an ice dragon
 14237 | Orc:1    | Reached XP level 13. HP: 59/79 MP: 8/20
 14292 | IceCv    | Entered an ice cave
 14639 | IceCv    | Reached skill level 13 in Stealth
 15195 | IceCv    | Gained mutation: You are frail (-10% HP). [potion of mutation]
 15195 | IceCv    | Gained mutation: You are resistant to electric shocks. [potion of mutation]
 15195 | IceCv    | Lost mutation: You are frail (-10% HP). [potion of mutation]
 15196 | IceCv    | Lost mutation: You expend magic power (3 MP) to strengthen your wands. [potion of mutation]
 16118 | Orc:3    | Noticed Josephine
 16127 | Orc:3    | Killed Josephine
 16135 | Orc:3    | Reached skill level 5 in Spellcasting
 16505 | Orc:3    | Found a roughly hewn altar of Beogh.
 16524 | Orc:3    | Found a staircase to the Elven Halls.
 16543 | Orc:3    | Reached ****** piety under Fedhas
 16877 | Orc:4    | Entered Level 4 of the Orcish Mines
 16941 | Orc:4    | Found Ejasik's Magic Scroll Emporium.
 16949 | Orc:4    | Bought a scroll of fear for 63 gold pieces
 17254 | Orc:4    | Found Ronnojyarr's Jewellery Shoppe.
 17254 | Orc:4    | Found Ajaat's General Store.
 17304 | Orc:4    | Noticed Saint Roka
 17324 | Orc:4    | Killed Saint Roka
 17324 | Orc:4    | Reached skill level 10 in Evocations
 17547 | Orc:4    | Found a roughly hewn altar of Beogh.
 17616 | Orc:4    | Reached XP level 14. HP: 86/86 MP: 22/22
 17981 | Orc:4    | Bought an uncursed amulet of regeneration for 510 gold pieces
 18067 | Orc:4    | Found Filles's Distillery.
 18072 | Orc:4    | Bought a potion of heal wounds for 50 gold pieces
 18101 | Orc:4    | Bought 4 fruits for 84 gold pieces
 18174 | Orc:4    | Found a bloodstained altar of Trog.
 18189 | Orc:4    | Found Buschouq's Magic Scroll Shop.
 18189 | Orc:4    | Found Sige's Book Shoppe.
 18294 | Orc:4    | Bought a royal jelly for 28 gold pieces
 18405 | Elf:1    | Entered Level 1 of the Elven Halls
 18456 | Elf:1    | Reached skill level 14 in Stealth
 18535 | Elf:1    | Noticed Agnes
 18544 | Elf:1    | Killed Agnes
 18707 | Elf:1    | Noticed a deep elf sorcerer
 18717 | Elf:1    | Killed a deep elf sorcerer
 18915 | Elf:1    | Noticed Louise
 19412 | Lair:3   | Found a hole to the Spider Nest.
 20708 | Lair:4   | Reached skill level 5 in Fighting
 20737 | Lair:5   | Noticed Snorg
 20744 | Lair:5   | Killed Snorg
 21784 | Lair:6   | Reached XP level 15. HP: 92/92 MP: 25/25
 22053 | Lair:6   | Reached skill level 15 in Stealth
 23253 | Lair:7   | You fall through a shaft!
 23253 | Lair:8   | Entered Level 8 of the Lair of Beasts
 23949 | Lair:8   | Noticed PeterLawrence's ghost (journeyman GrFi)
 23961 | Lair:8   | Killed PeterLawrence's ghost
 24140 | Lair:8   | Reached skill level 10 in Dodging
 24454 | Lair:8   | Found a runed door.
 24454 | Lair:8   | Found a viscous altar of Jiyva.
 24455 | Lair:8   | Noticed an acid blob
 24456 | Lair:8   | Noticed an acid blob
 24456 | Lair:8   | Noticed an acid blob
 24457 | Lair:8   | Found a staircase to the Slime Pits.
 25328 | Spider:1 | Entered Level 1 of the Spider Nest
 25496 | Spider:1 | Noticed Nikola
 25566 | Spider:1 | Slain by a redback

Action                   |  1- 3 |  4- 6 |  7- 9 | 10-12 | 13-15 || total
-------------------------+-------+-------+-------+-------+-------++-------
Melee: Short sword       |    14 |       |     5 |       |     6 ||    25
       Dagger            |    41 |    42 |    62 |       |       ||   145
       Trident           |       |       |    18 |       |       ||    18
       Rapier            |       |       |    11 |       |       ||    11
 Fire: Hunting sling     |       |       |   171 |    13 |       ||   184
       Greatsling        |       |       |       |   534 |  1650 ||  2184
 Cast: Regeneration      |       |       |       |       |    17 ||    17
Invok: Evolution         |       |     2 |     5 |    13 |    19 ||    39
       Sunlight          |       |     2 |     1 |       |       ||     3
       Rain              |       |       |       |       |     6 ||     6
Evoke: Wand              |     4 |     9 |     1 |     5 |    33 ||    52
       Phial of floods   |       |       |       |       |     2 ||     2
  Use: Scroll            |       |     1 |    11 |    12 |    11 ||    35
       Potion            |       |       |       |    13 |    16 ||    29
 Stab: Sleeping          |    10 |    13 |    17 |       |     1 ||    41
       Distracted        |       |     2 |       |       |       ||     2
  Eat: Meat ration       |       |     1 |     2 |     3 |     1 ||     7
       Chunk             |       |       |     3 |    11 |    19 ||    33
       Beef jerky        |       |       |     1 |     1 |       ||     2
       Bread ration      |       |       |     1 |       |     3 ||     4
       Royal jelly       |       |       |       |       |     1 ||     1
